 Dungeon Crawl Stone Soup version 0.31-a0-182-gc5ef74bbde (webtiles) character file.

Game seed: 15097226584944920692

410 qw the Chopper (level 6, 0/38 HPs)
             Began as a Gargoyle Fighter on June 21, 2023.
             Slain by an ogre
             ... wielding a +0 giant club
              (30 damage)
             ... on level 4 of the Dungeon.
             The game lasted 00:01:37 (2968 turns).

qw the Chopper (Gargoyle Fighter)                   Turns: 2968, Time: 00:01:37

Health: 0/38       AC: 13    Str: 21    XL:     6   Next: 89%
Magic:  6/6        EV:  8    Int:  9    God:
Gold:   220        SH:  4    Dex:  9    Spells: 5/5 levels left

rFire   . . .        Y - +0 war axe (freeze)
rCold   . . .        c - +0 buckler
rNeg    + . .        g - +0 chain mail
rPois   inf          (no helmet)
rElec   +            (no cloak)
rCorr   .            (no gloves)
SInv    +            (no boots)
Will    .....        (no amulet) Stlth
                     i - ring of see invisible
HPRegen 0.26/turn    f - +4 ring of slaying {mikee}
MPRegen 0.10/turn

%: no passive effects
@: no status effects
A: sickness immunity, AC +4, negative energy resistance 1, electricity
resistance, torment resistance 1, petrification resistance
a: no special abilities


You were on level 4 of the Dungeon.
You visited 1 branch of the dungeon, and saw 4 of its levels.

You collected 220 gold pieces.


Innate Abilities, Weirdness & Mutations

You are immune to sickness and miasma.
Your stone body is resilient. (AC +4)
You are immune to poison.
You resist negative energy. (rN+)
You are resistant to electric shocks. (rElec)
You are resistant to unholy torment.
You are immune to petrification.


   Skills:
 - Level 4.1 Fighting
 + Level 6.0 Axes
 - Level 3.2 Armour
 - Level 1.0 Dodging
 - Level 3.2 Shields


You had 5 spell levels left.
You didn't know any spells.
Your spell library was empty.

Inventory:

Hand Weapons
 h - a +0 flail
 Y - a +0 war axe of freezing (weapon)
Armour
 a - a +0 pair of gloves
 b - the +9 scale mail of True Grit {+Blink rElec Dex+5 Stlth-}
   (You found it on level 4 of the Dungeon)

   Dex:       It affects your dexterity (+5).
   rElec:     It insulates you from electricity.
   +Blink:    It lets you blink.
   Stlth:     It makes you less stealthy.
 c - a +0 buckler (worn)
 g - a +0 chain mail (worn)
Jewellery
 f - a +4 ring of slaying (right hand) {mikee}
 i - a ring of see invisible (left hand)
 r - a +6 ring of dexterity
Scrolls
 o - a scroll of identify
Potions
 d - a potion of might
 e - a potion of lignification
 k - a potion of attraction {unknown}
 l - a potion of resistance
 n - a potion of heal wounds {unknown}

Dungeon Overview and Level Annotations

Branches:
Dungeon (4/15)
 Temple: D:4-7

Altars:
Uskayaw
Yredelemnul


Message History

Enter note:
Enter note:
Enter note:
Enter note:
Enter note:
Enter note:
Enter note:
Enter note:
Enter note:
Enter note:
Enter note: A kobold comes into view. It is wielding a +0 short sword.
The kobold shouts!
You slash the orc! You freeze the orc.
You kill the orc!
A hobgoblin comes into view.
The hobgoblin shouts!
You barely miss the kobold. The kobold barely misses you.
You hit the kobold but do no damage. You block the kobold's attack.
You slash the kobold! You freeze the kobold.
You kill the kobold!
An ogre comes into view. It is wielding a +0 giant club.
The ogre shouts!
You barely miss the hobgoblin. The hobgoblin hits you.
You barely miss the hobgoblin.
The hobgoblin hits you but does no damage. x2
You barely miss the hobgoblin. The hobgoblin hits you.
You hit the hobgoblin. You freeze the hobgoblin.
The hobgoblin is heavily wounded.
You block the hobgoblin's attack.
You hit the hobgoblin but do no damage.
The hobgoblin is heavily wounded.
The hobgoblin hits you.
The ogre hits you with a +0 giant club!!
Ouch! That really hurt!
You die...

####.#.######..# #.#....###
.......# #..# #.#....# .###.###
#..###### #.#....#
#....########.......# #.#....#
...........)......#.# #.#....#
..###########.#####)####.#....##
..............###...##...#.....#
...############......#...#.....#
...# ## #...@O...##........#
.#.## ##.+.....)g....#........#
....###...##..........##.##....#
.####......#...........#.......#
###........##..........#########
............#..^........#
##..........##........#'#
#...........#......###
##..........


You could see an ogre and a hobgoblin.

Vanquished Creatures
  A scorpion (D:4)
  A howler monkey (D:4)
  An orc priest (D:3)
  Natasha (thrice) (D:2)
  4 orc wizards
  2 adders
  3 worms (D:2)
  A dart slug (D:2)
  9 orcs
  3 ball pythons
  9 endoplasms
  5 giant cockroaches
  5 goblins
  A hobgoblin (D:4)
  8 jackals
  3 quokkas
  A bat (D:2)
  13 frilled lizards
  6 kobolds
  2 rats (D:1)
81 creatures vanquished.

Notes
Turn   | Place    | Note
-------+----------+-------------------------------------------
     0 | D:1      | qw the Gargoyle Fighter began the quest for the Orb.
     0 | D:1      | Reached XP level 1. HP: 14/14 MP: 1/1
     0 | D:1      | 0 ||| qw: Version: 0.3-a-9-g12657ce
     0 | D:1      | 0 ||| qw: Game counter: 1582
     0 | D:1      | 0 ||| qw: Always use a shield: true
     0 | D:1      | 0 ||| qw: God list: Okawaru
     0 | D:1      | 0 ||| qw: Allow faded altars: false
     0 | D:1      | 0 ||| qw: Do Orc after D:15 true
     0 | D:1      | 0 ||| qw: Do second Lair branch before Depths: true
     0 | D:1      | 0 ||| qw: Lair rune preference: random
     0 | D:1      | 0 ||| qw: Plans: Normal, Zot:1-4, Slime:5, God:TSO, Crypt,
                  | Tomb, Abyss, Pan, Hells, Win
     0 | D:1      | 0 ||| PLANNING D:1-11
    54 | D:1      | Reached skill level 2 in Axes
   106 | D:1      | 106 ||| Stepping ~*~*~tactically~*~*~ (stealth).
   107 | D:1      | 107 ||| Stepping ~*~*~tactically~*~*~ (stealth).
   108 | D:1      | 108 ||| DROPPING +0 club.
   119 | D:1      | Reached XP level 2. HP: 19/19 MP: 2/2
   260 | D:1      | 260 ||| Stepping ~*~*~tactically~*~*~ (stealth).
   276 | D:1      | Reached skill level 3 in Axes
   346 | D:1      | Reached XP level 3. HP: 23/23 MP: 3/3
   493 | D:1      | Found a faded altar of an unknown god.
   642 | D:1      | 642 ||| UPGRADING to ring of see invisible.
   643 | D:1      | 643 ||| READING scroll labelled NOGUSTR QOGE.
   644 | D:1      | 644 ||| READING scroll labelled USORECKUFAO.
   645 | D:1      | 645 ||| DRINKING 2 fizzy cyan potions.
   690 | D:2      | Found a basalt altar of Yredelemnul.
   800 | D:2      | 800 ||| Stepping ~*~*~tactically~*~*~ (hiding).
   801 | D:2      | 801 ||| Stepping ~*~*~tactically~*~*~ (hiding).
   932 | D:2      | Noticed Natasha
   933 | D:2      | 933 ||| Stepping ~*~*~tactically~*~*~ (hiding).
   941 | D:2      | Killed Natasha
   942 | D:2      | Reached skill level 4 in Axes
   942 | D:2      | Reached XP level 4. HP: 27/28 MP: 4/4
  1044 | D:2      | 1044 ||| Stepping ~*~*~tactically~*~*~ (hiding).
  1047 | D:2      | 1047 ||| Stepping ~*~*~tactically~*~*~ (hiding).
  1056 | D:2      | 1056 ||| Stepping ~*~*~tactically~*~*~ (stealth).
  1092 | D:2      | 1092 ||| Stepping ~*~*~tactically~*~*~ (stealth).
  1151 | D:2      | Noticed Natasha
  1157 | D:2      | Killed Natasha
  1340 | D:2      | Noticed Natasha
  1345 | D:2      | Killed Natasha
  1346 | D:2      | Reached XP level 5. HP: 32/32 MP: 5/5
  1556 | D:2      | 1556 ||| UPGRADING to +4 ring of slaying {mikee}.
  1557 | D:2      | 1557 ||| READING scroll labelled OVAYPSYZXO.
  1558 | D:2      | 1558 ||| READING scroll labelled OZYT HIF OZY.
  1559 | D:2      | 1559 ||| READING scroll labelled SOGIAN CELUDO.
  1560 | D:2      | 1560 ||| READING scroll labelled ZECAIRHIAHU.
  1561 | D:2      | 1561 ||| READING scroll labelled GUILU ARAHEU.
  1566 | D:2      | 1566 ||| DRINKING 2 fizzy inky potions.
  1586 | D:2      | 1586 ||| DRINKING 3 green potions.
  1587 | D:2      | 1587 ||| DROPPING 2 potions of brilliance.
  1676 | D:3      | 1676 ||| READING scroll of brand weapon.
  1676 | D:3      | 1676 ||| BRANDING +0 heavy war axe.
  1734 | D:3      | Found a hide-covered altar of Uskayaw.
  2027 | D:3      | Reached skill level 5 in Axes
  2039 | D:3      | Reached XP level 6. HP: 37/38 MP: 6/6
  2410 | D:3      | 2410 ||| UPGRADING to +0 chain mail.
  2420 | D:3      | 2420 ||| DROPPING +0 scale mail.
  2421 | D:3      | 2421 ||| READING scroll labelled UXZIYTSIDI.
  2422 | D:3      | 2422 ||| DRINKING 2 coppery potions.
  2664 | D:4      | 2664 ||| Stepping ~*~*~tactically~*~*~ (hiding).
  2707 | D:4      | 2707 ||| Stepping ~*~*~tactically~*~*~ (stealth).
  2748 | D:4      | 2748 ||| Stepping ~*~*~tactically~*~*~ (stealth).
  2793 | D:4      | Identified the +9 scale mail of True Grit {+Blink rElec
                  | Dex+5 Stlth-}
  2905 | D:4      | Reached skill level 6 in Axes
  2906 | D:4      | 2906 ||| DRINKING 2 potions of curing.
  2906 | D:4      | 2906 ||| (to cure confusion)
  2911 | D:4      | 2911 ||| DRINKING potion of curing.
  2911 | D:4      | 2911 ||| (to cure confusion)
  2931 | D:4      | 2931 ||| Stepping ~*~*~tactically~*~*~ (stealth).
  2946 | D:4      | Reached skill level 1 in Dodging
  2968 | D:4      | Slain by an ogre

Levels and vault maps discovered:
D:1:      psy_arrival_statuary, layout_rooms, ebering_ecumenical_altar_box,
          interstate_on_off, minmay_lizard_pond
D:2:      layout_loops_ring, basic_altar, uniq_natasha
D:3:      layout_basic, mainiacjoe_overflow_boulevard
D:4:      minmay_skewed_foursquare, layout_basic, nicolae_vehumet_radiance,
          zin_statuary

Skill      XL: |  1  2  3  4  5  6 |
---------------+-------------------+-----
Axes           | 2 3 4 5 6 |  6.0
Fighting       | 4 |  4.1
Dodging        | 1 |  1.0
Armour         | |  3.2
Shields        | |  3.2

Action                     |  1- 3 |  4- 6 || total
---------------------------+-------+-------++-------
  Melee: War axe           |   127 |   138 ||   265
    Use: Scroll            |     2 |     7 ||     9
         Potion            |     1 |     5 ||     6
 Armour: Scale mail        |    65 |    34 ||    99
         Chain mail        |       |    31 ||    31
  Dodge: Dodged            |    72 |    38 ||   110
  Block: Buckler           |    29 |    24 ||    53

Table legend:
 A = Non-vault XP
 B = Vault XP
 C = Vault XP percentage of total XP
 D = Non-vault monster count
 E = Vault monster count
 F = Vault count percentage of total count
                 A         B        C        D         E       F
            +---------+---------+-------+---------+---------+-------
      Total |     535 |      51 |   8.7 |      68 |      13 |  16.0
            +---------+---------+-------+---------+---------+-------
        D:1 |      29 |       9 |  23.7 |      17 |       9 |  34.6
        D:2 |     130 |      35 |  21.2 |      23 |       1 |   4.2
        D:3 |     138 |       0 |   0.0 |      11 |       0 |   0.0
        D:4 |     238 |       7 |   2.9 |      17 |       3 |  15.0
            +---------+---------+-------+---------+---------+-------
